 Dungeon Crawl Stone Soup version 0.21.1-1-g345015f (webtiles) character file.

127 inc the Skirmisher (level 5, -2/38 HPs)
             Began as an Octopode Ice Elementalist on June 16, 2018.
             Slain by an orc wizard
             ... wielding a +0 dagger
              (5 damage)
             ... on level 3 of the Dungeon.
             The game lasted 00:02:36 (2281 turns).

inc the Skirmisher (Octopode Ice Elementalist)      Turns: 2281, Time: 00:02:38

Health: -2/38      AC:  1    Str:  8    XL:     5   Next: 11%
Magic:  8/8        EV: 13    Int: 17    God:
Gold:   76         SH:  0    Dex: 13    Spells: 7/8 levels left

rFire    . . .     SeeInvis .   e - +0 short sword
rCold    . . .     Gourm    .   (no shield)
rNeg     . . .     Faith    .   (helmet restricted)
rPois    .         Spirit   .   (no amulet)
rElec    .         Reflect  .   (no ring)
rCorr    .         Harm     .   (no ring)
MR       .....                  (no ring)
Stlth    +++.......             (no ring)
HPRegen  0.12/turn              (no ring)
MPRegen  0.11/turn              (no ring)
                                (no ring)
                                (no ring)

@: flying
A: almost no armour, stealthy swim, amphibious, 8 rings, constrict 8, camouflage
1, gelatinous body 1
a: no special abilities


You were on level 3 of the Dungeon.
You were not hungry.

You visited 1 branch of the dungeon, and saw 4 of its levels.

You collected 76 gold pieces.

Inventory:

Hand Weapons
 d - a +0 whip
 e - a +0 short sword (weapon)
Wands
 u - a wand of disintegration (11)
Scrolls
 c - a scroll of immolation {unknown}
 f - 2 scrolls of teleportation {unknown}
 g - 2 scrolls of remove curse {unknown}
 k - 2 scrolls of identify {unknown}
 m - 2 scrolls of magic mapping {unknown}
 p - a scroll of amnesia {unknown}
 q - a scroll of fear {unknown}
 r - a scroll of enchant armour {unknown}
 t - a scroll of blinking {unknown}
Potions
 h - a potion of heal wounds {unknown}
 i - 2 potions of flight
 j - a potion of degeneration {unknown}
 l - 2 potions of brilliance {unknown}
 n - a potion of curing {unknown}
 s - a potion of lignification {unknown}
Books
 a - a book of Frost

   Spells                             Type                      Level
   a - Freeze                         Ice                          1
   b - Throw Frost                    Conjuration/Ice              2
   c - Ozocubu's Armour               Charms/Ice                   3
   d - Throw Icicle                   Conjuration/Ice              4
   e - Summon Ice Beast               Ice/Summoning                4
 o - a book of Misfortune

   Spells                             Type                      Level
   a - Confusing Touch                Hexes                        1
   b - Confuse                        Hexes                        3
   c - Gell's Gravitas                Translocation                3
   d - Petrify                        Transmutation/Earth          4
   e - Metabolic Englaciation         Hexes/Ice                    5
   f - Yara's Violent Unravelling     Hexes/Transmutation          5
Comestibles
 b - 4 rations


   Skills:
 + Level 4.6 Fighting
 - Level 2.0 Dodging
 - Level 2.6 Stealth
 - Level 2.0 Spellcasting
   Level 1.0 Conjurations
 - Level 3.0 Ice Magic


You had 7 spell levels left.
You knew the following spells:

 Your Spells              Type           Power        Failure   Level  Hunger
a - Freeze                Ice            ##..         5%          1    #......


Dungeon Overview and Level Annotations

Branches:
Dungeon (4/15)
 Temple: D:4-7

Altars:
Ashenzari
Fedhas
Ru


Innate Abilities, Weirdness & Mutations

You cannot wear most types of armour.
You are very stealthy in the water. (Stealth+)
You are amphibious.
You can wear up to eight rings at the same time.
You can use your tentacles to constrict eight enemies at once.
Your skin changes colour to match your surroundings (Stealth+).
Your rubbery body absorbs attacks. (AC +1, EV +1)


Message History

Something tries to affect you, but you resist.
Something hits you.
Unknown command.
Something hits you.
Things that are here:
a scale mail; an orc corpse You're too confused to move!
Something hits you.
* * * LOW HITPOINT WARNING * * *
Something hits you.
* * * LOW HITPOINT WARNING * * *
You can't go up here!
Unknown command.
It was a potion of flight.
You feel very buoyant.
You fly up into the air.
You feel less confused. Something hits you.
* * * LOW HITPOINT WARNING * * *
Something hits you.
You die...

#)# # #.# #.
##.##
##.###...##
.........
...#.o.
##.##o#
##.".#{#
##...!{@###
##...%..<..#
###.........##
.......>.....#
###.........##
##.......##
#......##
#.#...##
#....##


You could see 2 orcs.

Vanquished Creatures
  An orc priest (D:3)
  4 adders
  An ooze (D:2)
  2 dart slugs
  5 leopard geckos
  5 orcs
  A ball python (D:1)
  3 bats
  2 giant cockroaches (D:1)
  4 goblins
  4 hobgoblins
  2 jackals (D:1)
  2 kobolds (D:1)
  2 frilled lizards
  5 rats
43 creatures vanquished.

Notes
Turn   | Place    | Note
-------+----------+-------------------------------------------
     0 | D:1      | inc the Octopode Ice Elementalist began the quest for the Orb.
     0 | D:1      | Reached XP level 1. HP: 11/11 MP: 3/3
    63 | D:1      | Reached skill level 1 in Fighting
    71 | D:1      | Reached XP level 2. HP: 11/18 MP: 0/5
   325 | D:1      | Reached skill level 2 in Fighting
   515 | D:1      | Reached XP level 3. HP: 15/25 MP: 6/6
   960 | D:2      | Reached skill level 3 in Fighting
  1425 | D:2      | Reached XP level 4. HP: 23/31 MP: 7/7
  1604 | D:2      | Found a sacrificial altar of Ru.
  1660 | D:2      | Found a shattered altar of Ashenzari.
  1845 | D:3      | Reached skill level 4 in Fighting
  1889 | D:3      | Reached XP level 5. HP: 3/38 MP: 8/8
  2238 | D:4      | Found a blossoming altar of Fedhas.
  2281 | D:3      | Slain by an orc wizard

Skill      XL: |  1  2  3  4 |
---------------+-------------+-----
Fighting       | 1 2 3 4 |  4.6
Dodging        | |  2.0
Stealth        | |  2.6
Spellcasting   | |  2.0
Conjurations   | |  1.0
Ice Magic      | |  3.0

Action                   |  1- 3 |  4- 6 || total
-------------------------+-------+-------++-------
Melee: Unarmed           |     7 |       ||     7
       Constrict         |    16 |    10 ||    26
       Tentacles         |     8 |     8 ||    16
       Short sword       |    52 |    49 ||   101
       Whip              |     3 |       ||     3
 Cast: Freeze            |    11 |       ||    11
  Use: Potion            |       |     1 ||     1
 Stab: Sleeping          |    11 |     3 ||    14
  Eat: Chunk             |     2 |     2 ||     4
Armor: Skin              |     7 |       ||     7
Dodge: Dodged            |    41 |    28 ||    69
